 Dungeon Crawl Stone Soup version 0.28.0-45-g0d030f2227 (webtiles) character file.

Game seed: 8736330661094941284

1391 MisterFreud the Shooter (level 8, -1/61 HPs)
             Began as a Gnoll Wanderer on Apr 28, 2022.
             Was a Believer of Wu Jian.
             Slain by a wyvern zombie (14 damage)
             ... on level 5 of the Dungeon.
             The game lasted 00:08:37 (6951 turns).

MisterFreud the Shooter (Gnoll Wanderer)            Turns: 6951, Time: 00:08:38

Health: -1/61      AC:  4    Str:  9    XL:     8   Next: 68%
Magic:  13/13      EV: 15    Int: 12    God:    Wu Jian [**....]
Gold:   238        SH:  0    Dex: 16    Spells: 13/13 levels left

rFire   . . .      SeeInvis .   a - +1 whip (elec)
rCold   . . .      Faith    .   (no shield)
rNeg    . . .      Spirit   .   g - +0 robe
rPois   .          Reflect  .   m - +1 hat
rElec   .          Harm     .   (no cloak)
rCorr   .          Rampage  .   (no gloves)
Will    .....                   f - +0 pair of boots
Stlth   +++.......              (no amulet)
HPRegen 0.20/turn               (no ring)
MPRegen 0.13/turn               (no ring)

@: about to teleport
A: fangs 1, strong nose, distributed training
a: Renounce Religion, Wall Jump


You were on level 5 of the Dungeon.
You worshipped Wu Jian.
Wu Jian was pleased with you.
You visited 1 branch of the dungeon, and saw 7 of its levels.

You collected 238 gold pieces.

Inventory:

Hand Weapons
 a - a +1 whip of electrocution (weapon)
 b - a +0 shortbow
 i - a +0 dagger
Missiles
 c - a datura-tipped dart
 d - an atropa-tipped dart (quivered)
 e - 55 arrows
 k - 16 poisoned darts
 r - 2 boomerangs
Armour
 f - a +0 pair of boots (worn)
 g - a +0 robe (worn)
 m - a +1 hat (worn)
Jewellery
 u - a ring of magical power
Wands
 h - a wand of polymorph (5)
 o - a wand of paralysis (10)
Scrolls
 n - 3 scrolls of vulnerability
 x - a scroll of fog {unknown}
 y - a scroll of blinking {unknown}
Potions
 j - a potion of heal wounds {unknown}
 l - a potion of lignification {unknown}
 p - a potion of degeneration {unknown}
 q - a potion of curing
 s - a potion of invisibility {unknown}
 t - a potion of flight {unknown}
 w - 2 potions of magic
Miscellaneous
 v - a phantom mirror


   Skills:
 + Level 4.4 Fighting
 + Level 3.4 Short Blades
 + Level 3.4 Long Blades
 + Level 3.4 Axes
 + Level 3.4 Maces & Flails
 + Level 3.4 Polearms
 + Level 3.4 Staves
 + Level 3.4 Slings
 + Level 7.5 Bows
 + Level 3.4 Crossbows
 + Level 3.4 Throwing
 + Level 4.4 Armour
 + Level 5.8 Dodging
 + Level 5.5 Stealth
 + Level 3.4 Shields
 + Level 3.4 Unarmed Combat
 + Level 3.4 Spellcasting
 + Level 2.8 Conjurations
 + Level 2.8 Hexes
 + Level 2.8 Summonings
 + Level 2.8 Necromancy
 + Level 2.8 Translocations
 + Level 2.8 Transmutations
 + Level 2.8 Fire Magic
 + Level 2.8 Ice Magic
 + Level 2.8 Air Magic
 + Level 2.8 Earth Magic
 + Level 2.8 Poison Magic
 + Level 4.7 Invocations
 + Level 3.4 Evocations


You had 13 spell levels left.
You didn't know any spells.
Your spell library contained the following spells:

 Spells                   Type           Power      Damage    Failure   Level
 Ensorcelled Hibernation  Hex/Ice        16%        N/A       11%         2
 Spider Form              Tmut/Pois      8%         N/A       22%         3
 Anguish                  Hex/Necr       4%         N/A       58%         4


Dungeon Overview and Level Annotations

Branches:
Dungeon (7/15)
 Temple: D:4-7

Altars:
Wu Jian

Annotations:
D:2 Robin
D:3 1 runed translucent door, MisterFreud's ghost, amateur PaFi


Innate Abilities, Weirdness & Mutations

You have very sharp teeth.
Your uncanny sense of smell can sniff out nearby items.
Your experience applies equally to all skills.


Message History

The Council accepts your kill.
Things that are here:
a +0 whip; a gnoll corpse A wyvern zombie comes into view.
A wyvern zombie is nearby!
Things that are here:
a +0 whip; a +0 leather armour; a gnoll corpse You lunge at the wyvern zombie.
You hit the wyvern zombie but do no damage.
The wyvern zombie misses you. The wyvern zombie bites you!
You hit the wyvern zombie but do no damage.
You punch the wyvern zombie.
The wyvern zombie is lightly damaged.
The wyvern zombie bites you but does no damage.
You hit the wyvern zombie but do no damage.
The wyvern zombie is lightly damaged.
The wyvern zombie closely misses you.
You spin and attack the wyvern zombie.
You barely miss the wyvern zombie.
The wyvern zombie is lightly damaged.
The wyvern zombie bites you! The wyvern zombie bites you.
You see here a +0 flail.
You spin and attack the wyvern zombie.
You hit the wyvern zombie but do no damage.
You punch the wyvern zombie.
You bite the wyvern zombie, but do no damage.
The wyvern zombie is lightly damaged.
The wyvern zombie bites you!
* * * LOW HITPOINT WARNING * * *
Unknown command.
Unknown command.
Okay, then.
Unknown command.
As you read the scroll of teleportation, it crumbles to dust.
You feel strangely unstable.
The wyvern zombie bites you but does no damage.
You spin and attack the wyvern zombie.
You hit the wyvern zombie but do no damage.
The wyvern zombie is lightly damaged.
The wyvern zombie bites you!
You die...

...#####.......#.....##
.. #...#.......########
#...'..............#
#...#..............#
#...####+###.......#
#...# .....#.......#
#.).# .....#.......#
#...#......#.......#
#.Z@#......#...)...#
#...'......#.......#
#...##.....#.......#
#...##.....#.....).#
#..).......#.....>.#
#..).......+........
#..........#........
#..........#........
...#'##'##+##........


You could see a wyvern zombie.

Vanquished Creatures
  Grinder (D:3)
  An ice beast (D:6)
  An ogre (D:4)
  2 necrophages
  A centaur (D:6)
  2 phantoms (D:4)
  A scorpion (D:5)
  A water moccasin zombie (D:5)
  A howler monkey (D:4)
  2 gnoll shamans
  A bullfrog skeleton (D:5)
  2 iguanas
  Natasha (thrice) (D:4)
  2 orc wizards (D:4)
  A hound skeleton (D:5)
  6 adders
  6 gnolls
  2 dart slugs
  6 orcs
  6 ball pythons
  10 endoplasms
  5 giant cockroaches
  13 goblins
  8 hobgoblins
  13 kobolds
  4 quokkas
  2 bats
  3 frilled lizards
  2 rats
108 creatures vanquished.

Vanquished Creatures (others)
  4 plants (D:1)
  4 toadstools (D:1)
8 creatures vanquished.

Grand Total: 116 creatures vanquished

Notes
Turn   | Place    | Note
-------+----------+-------------------------------------------
     0 | D:1      | MisterFreud the Gnoll Wanderer began the quest for the Orb.
     0 | D:1      | MisterFreud set off with the following items: a +0 dagger,
                  | 2 atropa-tipped darts, a datura-tipped dart, a +0 shortbow,
                  | 27 arrows, a +0 pair of boots, a +0 robe
     0 | D:1      | Reached XP level 1. HP: 17/17 MP: 2/2
   248 | D:1      | Reached XP level 2. HP: 23/23 MP: 3/3
  1040 | D:1      | Reached XP level 3. HP: 28/28 MP: 4/4
  1778 | D:2      | Noticed Robin
  1810 | D:3      | Found a runed translucent door.
  1817 | D:3      | Noticed MisterFreud's ghost (amateur PaFi)
  1848 | D:3      | Reached skill level 1 in Short Blades
  1848 | D:3      | Reached skill level 1 in Long Blades
  1848 | D:3      | Reached skill level 1 in Axes
  1848 | D:3      | Reached skill level 1 in Maces & Flails
  1848 | D:3      | Reached skill level 1 in Polearms
  1848 | D:3      | Reached skill level 1 in Staves
  1848 | D:3      | Reached skill level 1 in Slings
  1848 | D:3      | Reached skill level 1 in Crossbows
  1848 | D:3      | Reached skill level 1 in Throwing
  1848 | D:3      | Reached skill level 1 in Shields
  1848 | D:3      | Reached skill level 1 in Unarmed Combat
  1848 | D:3      | Reached skill level 1 in Spellcasting
  1848 | D:3      | Reached skill level 1 in Evocations
  2113 | D:3      | Reached XP level 4. HP: 34/34 MP: 6/6
  2166 | D:3      | Noticed Grinder
  2175 | D:3      | Killed Grinder
  2176 | D:3      | Reached skill level 1 in Conjurations
  2176 | D:3      | Reached skill level 1 in Hexes
  2176 | D:3      | Reached skill level 1 in Summonings
  2176 | D:3      | Reached skill level 1 in Necromancy
  2176 | D:3      | Reached skill level 1 in Translocations
  2176 | D:3      | Reached skill level 1 in Transmutations
  2176 | D:3      | Reached skill level 1 in Fire Magic
  2176 | D:3      | Reached skill level 1 in Ice Magic
  2176 | D:3      | Reached skill level 1 in Air Magic
  2176 | D:3      | Reached skill level 1 in Earth Magic
  2176 | D:3      | Reached skill level 1 in Poison Magic
  2176 | D:3      | Reached XP level 5. HP: 34/41 MP: 7/7
  2176 | D:3      | Reached XP level 6. HP: 39/47 MP: 8/8
  2620 | D:2      | Found a faded altar of an unknown god.
  2629 | D:2      | Prayed at the altar of an unknown god.
  2629 | D:2      | Became a worshipper of the Wu Jian Council
  2629 | D:2      | Reached * piety under Wu Jian
  2951 | D:2      | Reached skill level 5 in Dodging
  3022 | D:4      | Noticed Natasha
  3530 | D:4      | Reached XP level 7. HP: 13/52 MP: 10/10
  3881 | D:4      | Reached skill level 7 in Bows
  4345 | D:4      | Killed Natasha
  4471 | D:4      | Reached ** piety under Wu Jian
  4491 | D:4      | Reached skill level 5 in Stealth
  5055 | D:4      | Noticed Natasha
  5081 | D:4      | Killed Natasha
  5463 | D:4      | Reached XP level 8. HP: 40/60 MP: 12/12
  5799 | D:4      | Noticed Natasha
  5806 | D:4      | Killed Natasha
  5828 | D:5      | Entered Level 5 of the Dungeon
  6951 | D:5      | Slain by a wyvern zombie

Illustrated notes

Levels and vault maps discovered:
D:1:      ldierk_walled_garden_2, layout_basic, chequers_big_river,
          minmay_misc_feat_enclosed
D:2:      minmay_kobold_bridge, layout_basic, hellmonk_ecumenical_altar_zigzags,
          uniq_robin
D:3:      layout_basic, ebering_ghost_reflecting_pool, uniq_grinder
D:4:      minmay_diamond_boxcup, layout_loops_corners,
          kennysheep_opposing_triangles, uniq_natasha
D:5:      layout_gridville
D:6:      layout_rooms
D:7:      layout_cave_pools, minmay_temple_entry_overgrown, serial_bayou_ford_a,
          uniq_duvessa

Skill      XL: |  1  2  3  4  5  6  7  8 |
---------------+-------------------------+-----
Short Blades   | 1 2 3 |  3.4
Long Blades    | 1 2 3 |  3.4
Axes           | 1 2 3 |  3.4
Maces & Flails | 1 2 3 |  3.4
Polearms       | 1 2 3 |  3.4
Staves         | 1 2 3 |  3.4
Slings         | 1 2 3 |  3.4
Crossbows      | 1 2 3 |  3.4
Throwing       | 1 2 3 |  3.4
Shields        | 1 2 3 |  3.4
Unarmed Combat | 1 2 3 |  3.4
Spellcasting   | 1 2 3 |  3.4
Evocations     | 1 2 3 |  3.4
Fighting       | 3 4 |  4.4
Armour         | 3 4 |  4.4
Conjurations   | 1 2 |  2.8
Hexes          | 1 2 |  2.8
Summonings     | 1 2 |  2.8
Necromancy     | 1 2 |  2.8
Translocations | 1 2 |  2.8
Transmutations | 1 2 |  2.8
Fire Magic     | 1 2 |  2.8
Ice Magic      | 1 2 |  2.8
Air Magic      | 1 2 |  2.8
Earth Magic    | 1 2 |  2.8
Poison Magic   | 1 2 |  2.8
Invocations    | 3 4 |  4.7
Dodging        | 5 |  5.8
Bows           | 7 |  7.5
Stealth        | 5 |  5.5

Action                   |  1- 3 |  4- 6 |  7- 9 || total
-------------------------+-------+-------+-------++-------
Melee: Dagger            |     8 |       |       ||     8
       Whip              |    79 |    55 |   229 ||   363
       Bite              |     5 |     5 |    29 ||    39
       Punch             |       |     1 |     8 ||     9
 Fire: Shortbow          |    33 |    72 |    42 ||   147
Throw: Dart              |     1 |       |     1 ||     2
Invok: Lunge             |       |     1 |    11 ||    12
       Whirlwind         |       |       |    16 ||    16
  Use: Scroll            |       |       |     4 ||     4
       Potion            |       |       |     1 ||     1
 Stab: Sleeping          |     3 |       |     2 ||     5
       Invisible         |     1 |       |       ||     1
Armor: Robe              |    28 |    11 |    36 ||    75
Dodge: Dodged            |    76 |    34 |   152 ||   262
